Map: Avalon Labs

Players

Goku

  • Race: Terran Terran

NyQuil

  • Race: Protoss Protoss

jsnidern

  • Race: Zerg Zerg
  • League: Silver

LeFT - Winner!

  • Race: Terran Terran
  • League: Silver

MEVIUS - Winner!

  • Race: Protoss Protoss

Grumm - Winner!

  • Race: Terran Terran
  • League: Gold

VOD

Have the link to the VOD?

Description

Time

  • Played on: Jan. 21, 2016, 9:08 p.m.
  • Length: 16:09
Show
View Real Time Build Order
Export as new Build Order

Goku Terran 

Build Orders: MMM Bio 

Get SALT Encoding   

  12  0:08  SCV  
  13  0:19  Supply Depot  
  13  0:20  SCV  
  14  0:32  SCV  
  15  0:42  Barracks  
  15  0:45  SCV  
  16  0:59  Barracks  
  16  1:00  SCV  
  17  1:12  SCV  
  17  1:14  Barracks  
  18  1:24  SCV  
  19  1:30  Marine  
  20  1:37  Barracks  
  20  1:39  SCV  
  21  1:47  Marine  
  21  1:53  Supply Depot  
  22  1:56  Marine  
  23  2:14  Marine x2  
  25  2:23  Command Center  
  25  2:27  Marine  
  26  2:32  Refinery  
  26  2:39  Engineering Bay  
  26  2:41  SCV  
  27  2:48  Marine  
  27  3:18  SCV  
  28  3:20  Marine x2  
  30  3:32  Marine  
  31  3:34  Marine  
  31  3:38  Marine x2  
  31  3:39  Supply Depot  
  31  3:40  Refinery  
  32  4:10  Marine x4  
  34  4:28  Marine  
  31  4:32  Marine  
  31  4:33  Marine x2  
  31  4:38  Planetary Fortress  
  34  4:45  Orbital Command, Marine  
  34  4:50  Marine  
  36  4:55  Command Center  
  36  5:02  Terran Infantry Weapons Level 1  
  32  5:21  Marine x4  
  33  5:23  SCV  
  37  5:35  Engineering Bay  
  33  5:36  SCV  
  33  5:39  Marine  
  33  5:42  Barracks Tech Lab  
  35  5:48  SCV  
  35  5:49  Barracks Tech Lab  
  36  5:51  SCV  
  36  5:52  Barracks Reactor  
  37  6:00  SCV  
  37  6:04  SCV  
  39  6:07  Refinery  
  39  6:09  Combat Shields, Refinery  
  39  6:12  SCV  
  40  6:22  Factory  
  40  6:25  Barracks Reactor  
  40  6:28  Terran Infantry Armor Level 1  
  40  6:41  Missile Turret  
  40  6:45  Orbital Command  
  40  6:51  SCV  
  40  6:53  SCV  
  42  6:59  Stimpack  
  42  7:01  Missile Turret  
  42  7:08  Factory Tech Lab  
  42  7:11  Starport  
  42  7:18  SCV  
  42  7:20  SCV  
  44  7:27  Missile Turret  
  44  7:30  SCV x2  
  44  7:33  SCV  
  47  7:39  Siege Tank  
  47  7:42  SCV  
  47  7:43  SCV  
  52  7:51  Starport Reactor  
  52  7:54  Missile Turret  
  52  7:58  Armory  
  52  8:09  Concussive Shells  
  52  8:11  Marine x2  
  52  8:12  Marauder x2, Marine x2  
  60  8:16  SCV  
  61  8:21  SCV x2  
  63  8:29  Marine x2, SCV  
  63  8:30  Viking  
  68  8:45  Supply Depot  
  68  8:51  Terran Vehicle Weapons Level 1  
  68  8:53  Terran Infantry Weapons Level 2, Terran Infantry Armor Level 2  
  68  8:55  Marine  
  69  9:03  Orbital Command  
  69  9:07  Marauder, Marine x3  
  69  9:09  Marine, Armory  
  75  9:12  Medivac  
  77  9:51  Marauder, Marine x3, Siege Tank  
  77  9:52  Marauder  
  75  10:23  Siege Tank  
  76  10:29  Marine x2  
  76  10:30  Marine  
  79  10:38  Missile Turret  
  79  10:47  Marine x2  
  81  10:55  Siege Tank  
  54  11:27  Siege Tank  
  49  11:51  Viking x2  
  49  11:52  Command Center  
  53  11:59  Siege Tank  
  55  12:20  Viking x2  
  45  12:58  Siege Tank  
  48  13:30  Siege Tank  
  44  14:02  Orbital Command, Siege Tank  
  47  14:27  Viking x2  
  43  14:57  Viking x2  
Show
View Real Time Build Order
Export as new Build Order

NyQuil Protoss 

Build Orders: Nexus First 

Get SALT Encoding   

  12  0:02  Probe (Chrono Boost)  
  13  0:14  Probe (Chrono Boost)  
  14  0:32  Probe (Chrono Boost)  
  15  0:49  Nexus  
  15  0:56  Pylon  
  15  1:09  Assimilator  
  15  1:14  Probe (Chrono Boost)  
  16  1:24  Probe (Chrono Boost)  
  17  1:35  Probe (Chrono Boost)  
  18  1:45  Probe (Chrono Boost)  
  18  1:47  Gateway  
  19  1:55  Gateway  
  19  2:00  Probe (Chrono Boost)  
  20  2:09  Pylon  
  20  2:13  Probe (Chrono Boost)  
  21  2:17  Assimilator  
  22  2:22  Probe (Chrono Boost)  
  22  2:33  Probe (Chrono Boost)  
  23  2:43  Cybernetics Core  
  23  2:49  Zealot x2  
  28  2:51  Probe (Chrono Boost)  
  28  2:57  Probe (Chrono Boost)  
  29  3:10  Pylon  
  29  3:20  Stalker x2  
  29  3:22  Warp Gate (Chrono Boost)  
  29  3:23  Probe  
  34  3:38  Probe  
  35  3:50  Probe  
  34  4:36  Stalker x2  
  34  4:37  Probe  
  39  4:43  Assimilator  
  39  4:46  Assimilator  
  39  4:49  Probe  
  39  4:52  Pylon  
  32  6:32  Gateway  
  32  6:35  Gateway  
  32  6:51  Gateway  
  32  6:52  Gateway  
  32  6:54  Gateway  
  32  6:57  Pylon, Probe  
  32  7:00  Stalker x2  
  37  7:09  Probe  
  37  7:10  Forge  
  37  7:12  Forge  
  37  7:13  Forge  
  38  7:17  Pylon  
  38  7:21  Probe  
  39  7:33  Probe  
  40  7:45  Probe  
  41  7:57  Probe  
  42  8:00  Pylon  
  42  8:02  Pylon  
  42  8:09  Probe  
  43  8:14  Protoss Shields Level 1, Protoss Ground Armor Level 1, Protoss Ground Weapons Level 1  
  43  8:21  Probe  
  44  8:34  Probe  
  45  8:45  Gateway  
  45  8:46  Probe  
  45  8:47  Gateway, Nexus  
  46  8:49  Pylon  
  46  8:50  Gateway  
  46  8:52  Pylon, Gateway  
  46  8:53  Gateway  
  46  8:58  Probe  
  47  9:08  Twilight Council  
  47  9:10  Probe  
  48  9:22  Pylon, Probe  
  49  9:24  Pylon  
  49  9:34  Photon Cannon  
  49  9:35  Photon Cannon  
  49  9:36  Photon Cannon x2  
  49  9:39  Pylon  
  49  9:51  Photon Cannon x2  
  49  9:52  Stalker x3, Photon Cannon  
  53  9:53  Stalker  
  57  10:21  Stalker  
  57  10:22  Stalker x3, Photon Cannon  
  57  10:23  Stalker x4, Photon Cannon  
  57  10:24  Stalker x2  
  75  11:16  Probe  
  76  11:26  Probe  
  77  11:33  Stalker x4  
  77  11:34  Stalker x5  
  77  11:35  Stalker  
  77  11:37  Probe  
  77  11:39  Blink  
  98  11:47  Probe  
  99  11:58  Probe  
  100  12:02  Stalker  
  100  12:03  Stalker x5  
  100  12:04  Stalker x4  
  102  12:34  Zealot  
  102  12:35  Zealot x6  
  102  12:36  Zealot x3  
Show
View Real Time Build Order
Export as new Build Order

jsnidern Zerg 

Build Orders: Hatch First 

Get SALT Encoding   

  12  0:01  Drone  
  13  0:16  Overlord  
  13  0:20  Drone  
  14  0:35  Drone x2  
  15  0:39  Drone  
  17  0:58  Drone  
  17  1:02  Drone  
  19  1:06  Hatchery  
  18  1:12  Spawning Pool  
  18  1:17  Drone  
  18  1:22  Drone  
  19  1:30  Extractor  
  19  1:32  Drone  
  19  1:43  Overlord  
  19  1:55  Drone  
  19  2:00  Queen  
  22  2:06  Zergling x2  
  23  2:15  Zergling x2  
  23  2:19  Queen  
  23  2:20  Drone  
  27  2:37  Queen  
  30  2:44  Drone x2  
  30  2:47  Drone x2  
  33  2:55  Queen  
  33  3:27  Lair  
  33  3:48  Zergling x6  
  36  3:51  Overlord x3  
  36  3:52  Roach Warren  
  36  3:55  Drone  
  35  4:32  Roach x3  
  39  4:39  Drone x4  
  39  4:40  Drone x2  
  39  4:42  Extractor  
  39  4:44  Extractor  
  43  4:46  Metabolic Boost  
  43  4:56  Nydus Network  
  42  5:08  Drone x2  
  42  5:11  Drone x2  
  42  5:12  Drone  
  47  5:18  Roach x2  
  47  5:19  Roach x2  
  55  5:27  Overseer  
  55  5:41  Roach  
  55  5:42  Roach  
  59  5:44  Overlord  
  59  5:50  Overlord x2  
  59  6:06  Roach x3  
  59  6:09  Glial Reconstitution  
  65  6:17  Hydralisk Den  
  64  6:27  Roach  
  64  6:28  Roach x5  
  76  6:47  Hydralisk x2  
  76  6:48  Hydralisk x2  
  84  6:59  Overlord x4  
  84  7:07  Nydus Canal  
  44  8:08  Roach x2  
  44  8:09  Roach  
  50  8:14  Drone x3  
  50  8:15  Drone  
  50  8:18  Hydralisk  
  50  8:19  Hydralisk  
  58  8:35  Drone x2, Extractor  
  59  8:42  Evolution Chamber  
  59  8:45  Evolution Chamber  
  59  8:46  Muscular Augments  
  57  8:59  Drone  
  58  9:12  Drone x2  
  58  9:13  Roach  
  58  9:14  Roach x2  
  66  9:18  Hydralisk x6  
  66  9:22  Zerg Ground Armor Level 1, Zerg Missile Weapons Level 1  
  27  10:23  Roach x5  
  33  10:35  Overseer  
  26  11:00  Hydralisk x3  
  26  11:01  Hydralisk x3  
  38  11:07  Hatchery  
  33  11:29  Zerg Ground Armor Level 2, Zerg Missile Weapons Level 2  
  33  11:33  Queen  
  29  11:49  Hydralisk x2  
  14  12:27  Queen  
  16  12:30  Hydralisk x2  
  16  12:31  Hydralisk  
  22  12:42  Drone x3  
  22  12:43  Queen  
  27  13:30  Drone x3  
  30  13:36  Hydralisk  
  32  13:47  Drone  
  33  14:05  Drone  
  33  14:06  Drone x3  
Show
View Real Time Build Order
Export as new Build Order

LeFT Terran - Winner!

Build Orders: MMM Bio 

Get SALT Encoding   

  12  0:01  SCV  
  13  0:13  SCV  
  14  0:22  Supply Depot  
  14  0:25  SCV  
  15  0:39  Refinery  
  15  0:43  SCV  
  15  0:49  Barracks  
  16  0:55  SCV  
  17  1:02  Barracks  
  17  1:07  SCV  
  18  1:19  SCV  
  19  1:31  Supply Depot  
  19  1:32  SCV  
  20  1:37  Reaper  
  21  1:44  Orbital Command  
  21  1:49  Reaper  
  22  2:09  Reaper  
  22  2:10  Refinery  
  23  2:16  SCV  
  23  2:22  Supply Depot  
  24  2:24  Reaper  
  24  2:28  SCV  
  26  2:41  SCV, Reaper  
  28  2:55  Marine  
  28  3:13  Reaper  
  28  3:14  Reaper  
  30  3:33  Command Center  
  30  3:35  SCV  
  30  3:41  Factory  
  31  3:47  SCV  
  32  3:54  Command Center  
  32  3:59  SCV  
  33  4:11  SCV  
  33  4:12  Marine  
  33  4:13  Barracks Tech Lab  
  35  4:31  Barracks Tech Lab  
  34  4:38  Factory Reactor  
  34  4:41  Barracks  
  34  4:42  Marine  
  34  4:43  Barracks  
  34  4:44  Starport, Stimpack  
  35  4:47  Supply Depot  
  35  4:49  Supply Depot  
  35  4:50  Orbital Command  
  35  4:54  SCV  
  36  5:00  Combat Shields  
  36  5:06  SCV  
  36  5:26  Orbital Command  
  36  5:27  Marine  
  36  5:28  Marauder  
  39  5:30  Barracks  
  39  5:33  Marine  
  36  5:36  Barracks Tech Lab  
  35  5:45  Marauder  
  35  5:47  SCV x2  
  35  5:49  Engineering Bay  
  39  5:51  Engineering Bay  
  39  5:57  Factory Tech Lab  
  39  5:59  Barracks Tech Lab, SCV x2  
  41  6:05  Medivac  
  41  6:08  SCV  
  44  6:11  SCV x2  
  44  6:18  Refinery, Marine  
  47  6:20  Refinery, SCV  
  47  6:23  SCV  
  47  6:24  Barracks  
  49  6:25  Barracks Reactor  
  49  6:26  Marine  
  49  6:30  Marine  
  49  6:31  Marauder  
  53  6:32  Concussive Shells  
  53  6:34  SCV x2  
  53  6:37  Terran Infantry Weapons Level 1  
  55  6:41  Terran Infantry Armor Level 1  
  55  6:42  SCV  
  55  6:46  SCV  
  57  6:47  Missile Turret  
  57  6:49  SCV  
  57  6:53  Marine  
  61  6:54  Marauder, SCV  
  61  6:59  Marine  
  61  7:00  Marauder  
  61  7:01  Medivac  
  67  7:08  Supply Depot, Marine  
  67  7:11  Medivac  
  67  7:12  Marine  
  67  7:13  Supply Depot  
  67  7:14  Marine  
  72  7:20  Missile Turret  
  72  7:21  Marine  
  72  7:22  Marauder  
  75  7:25  Marine  
  75  7:26  Marauder  
  75  7:29  Marine  
  78  7:32  Marine  
  78  7:36  Marine  
  72  7:40  Marauder  
  72  7:43  Marine  
  72  7:44  Marauder  
  71  7:46  SCV  
  71  7:47  Marine x2, SCV  
  71  7:50  Marine  
  75  7:54  Marine  
  75  8:00  SCV x2  
  75  8:01  Marauder, Marine  
  75  8:04  Marine  
  75  8:05  Marauder, Marine  
  82  8:07  Marine  
  83  8:19  Marauder  
  85  8:21  Marine  
  85  8:23  Marauder  
  85  8:25  Orbital Command  
  88  8:28  Marine  
  88  8:29  Marauder  
  88  8:30  Medivac x2  
  88  8:31  Marine  
  96  8:38  SCV x2  
  98  8:42  Supply Depot  
  98  8:45  Supply Depot  
  98  8:46  Marine  
  98  8:48  Marine  
  100  8:50  SCV  
  101  9:03  Marine x2  
  101  9:04  Medivac x2, Marauder  
  101  9:06  Marine, SCV  
  101  9:07  Marauder  
  113  9:15  Marine  
  114  9:22  Marauder  
  116  9:24  Marine  
  117  9:39  Supply Depot  
  117  9:42  Supply Depot  
  117  9:58  Marine  
  117  9:59  Marine x2, SCV  
  117  10:00  SCV x2  
  117  10:01  Medivac, Marauder x4  
  117  10:02  Medivac  
  120  10:12  SCV  
  115  10:16  Marine  
  115  10:17  Marine x2  
  117  10:22  Marauder x3, Marine  
  120  10:33  Marine  
  120  10:35  Marine x2  
  120  10:40  Marauder  
  120  10:42  Supply Depot, Armory  
  122  10:44  Marauder, SCV  
  125  10:51  Marine  
  125  10:52  Marauder  
  125  10:53  Orbital Command, Marauder  
  125  10:54  Marine  
  125  11:03  Marine  
  125  11:04  Marauder  
  128  11:05  Marauder  
  128  11:09  Marine  
  131  11:12  Marine  
  131  11:13  Marine  
  131  11:15  Marauder  
  131  11:17  SCV x2  
  128  11:21  Marine  
  128  11:25  Marauder  
  122  11:26  Marauder  
  122  11:27  Marine  
  122  11:29  Marine  
  122  11:31  Marauder  
  127  11:37  Marauder  
  127  11:39  Marine  
  130  11:45  Marine  
  130  11:46  Marine  
  132  11:47  Marine  
  133  11:55  Supply Depot  
  133  12:09  Supply Depot  
  133  12:17  Marauder x2, Marine x3, SCV  
  141  12:29  SCV  
  141  12:30  Marine x2  
  141  12:34  Marine x3  
  140  12:38  Marine x2  
  142  12:48  Marine  
  142  12:49  Marauder  
  135  12:52  Marine x3  
  135  12:56  Marauder x2  
  140  13:06  Marine  
  140  13:10  Marauder, Marine x2  
  140  13:11  Marauder  
  147  13:17  Terran Infantry Weapons Level 2, Terran Infantry Armor Level 2  
  147  13:18  Marauder  
  148  13:20  Marauder  
  148  13:24  Marine  
  143  13:28  Marine x2  
  143  13:31  Marauder  
  143  13:32  Marauder  
  149  13:39  Supply Depot  
  149  13:40  Refinery  
  149  13:46  Marine x2  
  149  13:47  Marine x2  
  149  13:49  Marauder  
  149  13:53  Marauder x2  
  139  14:04  Marine x3  
  139  14:05  Marauder  
  131  14:10  Marauder  
  131  14:14  Marauder  
  131  14:15  Marauder  
  137  14:22  Marine x3  
  140  14:26  Marine  
  141  14:31  Marine  
  141  14:35  Marine  
  141  14:36  Medivac x2, Marine  
  148  14:40  Command Center, Marine x3  
  148  14:44  Marauder  
  153  14:50  Marauder  
  153  14:53  Marauder, Marine  
  153  14:58  Marine  
  157  15:06  Marine  
  157  15:11  Marauder, Marine  
  157  15:14  Marauder  
  157  15:24  SCV  
  157  15:26  Marine x2  
  157  15:29  Marine  
Show
View Real Time Build Order
Export as new Build Order

MEVIUS Protoss - Winner!

Build Orders:  

Get SALT Encoding   

  12  0:03  Probe (Chrono Boost)  
  13  0:13  Probe (Chrono Boost)  
  14  0:24  Probe (Chrono Boost)  
  15  0:41  Pylon  
  15  0:46  Pylon  
  15  0:59  Probe (Chrono Boost)  
  16  1:09  Gateway  
  16  1:10  Probe (Chrono Boost)  
  17  1:13  Gateway  
  17  1:17  Assimilator  
  17  1:20  Probe (Chrono Boost)  
  18  1:31  Probe (Chrono Boost)  
  19  1:36  Assimilator  
  19  1:53  Gateway  
  19  1:57  Gateway  
  19  2:03  Cybernetics Core  
  19  2:05  Pylon  
  19  2:09  Pylon  
  19  2:14  Probe (Chrono Boost)  
  20  2:24  Probe (Chrono Boost)  
  21  2:35  Probe (Chrono Boost)  
  22  2:46  Warp Gate (Chrono Boost)  
  22  2:47  Stalker x2  
  22  2:49  Stalker  
  28  2:57  Stalker  
  30  3:18  Stalker x2  
  34  3:33  Stalker  
  36  3:34  Stalker  
  38  3:52  Stalker x2  
  40  4:51  Twilight Council  
  40  4:53  Stargate  
  40  5:02  Stalker x3  
  40  5:03  Nexus  
  46  5:11  Pylon  
  46  5:31  Dark Shrine  
  46  5:52  Phoenix  
  48  6:22  Phoenix  
  50  6:36  Probe  
  50  6:39  Probe  
  52  6:45  Stargate  
  52  6:47  Probe  
  52  6:50  Phoenix  
  52  6:51  Probe  
  56  6:55  Assimilator  
  56  6:57  Probe  
  56  7:00  Assimilator  
  57  7:03  Probe  
  57  7:08  Probe  
  59  7:15  Probe  
  59  7:18  Probe  
  61  7:28  Probe  
  61  7:29  Probe  
  63  7:40  Probe x2, Dark Templar x2  
  67  7:50  Probe  
  63  7:52  Probe  
  63  7:53  Dark Templar  
  63  8:00  Dark Templar  
  63  8:04  Probe  
  66  8:15  Probe  
  66  8:19  Mothership Core  
  69  8:25  Probe  
  70  8:34  Protoss Air Weapons Level 1 (Chrono Boost)  
  70  8:40  Stargate  
  70  8:48  Pylon  
  70  8:52  Pylon, Nexus  
  70  9:02  Pylon  
  70  9:04  Pylon, Probe  
  70  9:05  Pylon x2  
  70  9:07  Pylon  
  71  9:11  Assimilator  
  71  9:15  Assimilator, Probe  
  72  9:20  Void Ray x2  
  80  9:26  Probe  
  81  9:48  Void Ray  
  85  9:53  Fleet Beacon  
  85  9:54  Stargate  
  83  10:30  Dark Templar x3  
  67  11:15  Void Ray x3  
  83  11:44  Probe  
  84  11:49  Void Ray  
  88  11:54  Probe  
  89  12:03  Void Ray  
  89  12:05  Probe  
  94  12:15  Probe  
  95  12:26  Probe  
  96  12:49  Probe  
  97  13:00  Void Ray x4, Probe  
  114  13:07  Stargate  
  110  14:08  Void Ray  
  110  14:09  Void Ray x4  
  126  14:44  Assimilator  
  126  14:47  Nexus  
  126  14:52  Assimilator  
  126  15:04  Pylon  
  126  15:06  Pylon x2  
  126  15:19  Void Ray x3  
  138  15:21  Void Ray x2  
Show
View Real Time Build Order
Export as new Build Order

Grumm Terran - Winner!

Build Orders: Command Center First (CC) 

Get SALT Encoding   

  12  0:02  SCV  
  13  0:14  SCV  
  14  0:29  Supply Depot  
  14  0:30  SCV  
  14  0:34  Refinery  
  15  1:04  Command Center  
  15  1:22  SCV  
  15  1:23  Engineering Bay  
  16  1:38  SCV  
  17  1:53  Barracks  
  17  1:59  SCV  
  18  2:02  Hi-Sec Auto Tracking  
  18  2:11  SCV  
  18  2:15  Supply Depot  
  19  2:17  SCV  
  20  2:29  SCV  
  21  2:40  Marine  
  22  3:14  Marine  
  22  3:32  Marine  
  18  3:50  Marine  
  19  4:00  SCV  
  19  4:05  Factory  
  19  4:08  Factory  
  20  4:10  Refinery  
  18  4:23  Command Center  
  19  4:32  Orbital Command  
  19  4:38  Supply Depot  
  18  4:51  Starport  
  18  4:54  Factory Tech Lab  
  18  4:55  Factory Tech Lab  
  18  4:58  SCV  
  19  5:04  Starport  
  19  5:11  SCV  
  20  5:26  Widow Mine x2  
  24  5:37  Refinery  
  24  5:40  Missile Turret  
  24  5:47  Starport Reactor  
  24  5:52  Starport Reactor  
  24  5:54  Widow Mine  
  26  6:00  Fusion Core  
  26  6:27  SCV  
  28  6:35  Planetary Fortress  
  27  6:54  SCV  
  28  7:01  Refinery  
  28  7:06  SCV  
  29  7:18  SCV  
  30  7:29  Battlecruiser  
  36  7:30  SCV  
  36  7:35  Widow Mine  
  39  8:18  Missile Turret, SCV  
  39  8:19  SCV  
  41  8:31  SCV  
  42  8:47  Battlecruiser  
  48  8:53  Battlecruiser  
  54  9:28  Behemoth Reactor  
  54  10:06  Supply Depot  
  54  10:08  Supply Depot  
  54  10:12  Supply Depot  
  54  10:18  Supply Depot  
  54  10:25  Weapon Refit  
  54  10:27  Battlecruiser, SCV  
  61  10:30  Battlecruiser  
  67  10:39  SCV  
  68  10:52  SCV  
  75  12:01  Battlecruiser x2  
  61  12:47  Command Center  
  61  12:50  Armory  
  61  12:55  Armory  
  61  13:05  Viking x2  
  65  13:43  Battlecruiser x2  
  65  13:46  Terran Vehicle And Ship Armor Level 1  
  65  13:48  Terran Ship Weapons Level 1  
Tags
 
Add a new tag
Caveats
  • Supply blocks, unpowered buildings, or Contaminate may cause inaccurate times.
  • Supply counts are checked every 10 seconds.